 Dungeon Sprint DCSS version 0.30.1-5-ged363bc7ee (webtiles) character file.

Game seed: 10017347400585268136

24971 Heoruswealwe the Peltast (level 12, -6/201 HPs)
             Began as a Minotaur Fighter on Sept 19, 2023.
             Was the Champion of the Shining One.
             Mangled by a demonic crawler (12 damage)
             ... in the Dungeon (Sprint V: "Ziggurat Sprint").
             The game lasted 00:26:50 (1011 turns).

Heoruswealwe the Peltast (Minotaur Fighter)         Turns: 1011, Time: 00:26:50

Health: -6/201     AC: 23    Str: 38    XL:     12   Next: 85%
Magic:  11/11      EV:  3    Int:  5    God:    the Shining One [******]
Gold:   0          SH: 32    Dex: 10    Spells: 11/11 levels left

rFire   + + .        a - +8 lance "Wyrmbane" {slay drac, rPois rF+ rC+ AC+3}
rCold   + + +        d - +18 shield of the Gong {Loud rN+ Will+ rCorr EV-5}
rNeg    + + +        c - +5 gold dragon scales
rPois   +            (helmet restricted)
rElec   +            (no cloak)
rCorr   +            f - +0 pair of gloves {hurl}
SInv    .            e - +1 pair of boots "Tahiush" {rN+}
Will    +....        i - amulet "Maraugeg" {Acrobat rElec rC+ Regen+} Stlth
                     k - +6 ring of strength
HPRegen 1.33/turn    j - +6 ring of strength
MPRegen 0.12/turn

%: no teleportation, acrobat
@: berserking, corroded, glowing, very quick
A: horns 2, retaliatory headbutt
a: Renounce Religion, Divine Shield, Cleansing Flame, Summon Divine Warrior,
Brand Weapon With Holy Wrath


You were in the Dungeon.
You worshipped the Shining One.
The Shining One was exalted by your worship.
You visited 1 branch

Inventory:

Hand Weapons
 a - the +8 lance "Wyrmbane" (weapon) {slay drac, rPois rF+ rC+ AC+3}
   (You found it in the Dungeon)

   AC:        It affects your AC (+3).
   rF:        It protects you from fire.
   rC:        It protects you from cold.
   rPois:     It protects you from poison.
 b - a +5 demon trident
 o - the +10 zealot's sword {holy, Zealotry, *Rage rN+ EV+3}
   (You found it in the Dungeon)

   Zealotry:  Whenever the wielder enters a berserk rage, their allies are
   berserked alongside them.
   EV:        It affects your evasion (+3).
   rN:        It protects you from negative energy.
   *Rage:     It berserks you when you make melee attacks (+20% chance).
Armour
 c - +5 gold dragon scales (worn)
 d - the +18 shield of the Gong (worn) {Loud rN+ Will+ rCorr EV-5}
   (You found it in the Dungeon)

   Loud:      It is deafeningly noisy when blocking attacks.
   EV:        It affects your evasion (-5).
   rN:        It protects you from negative energy.
   rCorr:     It protects you from acid and corrosion.
   Will:      It increases your willpower.
 e - the +1 pair of boots "Tahiush" (worn) {rN+}
   (You found it in the Dungeon)

   rN:        It protects you from negative energy.
 f - a +0 pair of gloves of hurling (worn)
 l - the +15 Maxwell's patent armour {-Cast -Tele rElec Will+ rCorr}
   (You found it in the Dungeon)

   rElec:     It insulates you from electricity.
   -Cast:     It prevents spellcasting.
   -Tele:     It prevents most forms of teleportation.
   rCorr:     It protects you from acid and corrosion.
   Will:      It increases your willpower.
Jewellery
 i - the amulet "Maraugeg" (around neck) {Acrobat rElec rC+ Regen+}
   (You found it in the Dungeon)

   [amulet of the acrobat]

   It increases your evasion while moving and waiting.
   rC:        It protects you from cold.
   rElec:     It insulates you from electricity.
   Regen:     It increases your rate of health regeneration.
 j - a +6 ring of strength (right hand)
 k - a +6 ring of strength (left hand)
 n - the ring "Utetz" {MP+9 Str+4 Int+6}
   (You found it in the Dungeon)

   [ring of intelligence]

   Str:       It affects your strength (+4).
   Int:       It affects your intelligence (+6).
   MP:        It affects your magic capacity (+9).
Scrolls
 B - 4 scrolls of blinking
Potions
 g - 5 potions of haste
 m - 10 potions of curing
 p - 4 potions of resistance
 q - 7 potions of heal wounds
 r - 2 potions of berserk rage
 E - 5 potions of might
Miscellaneous
 h - a box of beasts
 s - a lightning rod (4/4)


   Skills:
 + Level 20.4 Fighting
 + Level 20.3 Polearms
 + Level 20.4 Armour
 + Level 20.4 Shields


You had 11 spell levels left.
You didn't know any spells.
Your spell library contained the following spells:

 Spells                   Type           Power      Damage    Failure   Level
 Cigotuvi's Dreadful Rot  Necr/Pois/Air  0%         N/A       99%         2
 Stone Arrow              Conj/Erth      0%         3d7       100%        3
 Summon Guardian Golem    Hex/Summ       0%         N/A       100%        3
 Anguish                  Hex/Necr       0%         N/A       100%        4
 Animate Armour           Summ/Erth      0%         N/A       100%        4
 Dispel Undead            Necr           0%         3d6       100%        4
 Leda's Liquefaction      Hex/Erth       0%         N/A       100%        4
 Blade Hands              Tmut           0%         N/A       100%        5
 Borgnjor's Vile Clutch   Necr/Erth      0%         N/A       100%        5
 Lee's Rapid Deconstruct  Erth           0%         3d4*      100%        5
 Summon Forest            Summ/Tloc      0%         N/A       100%        5
 Death Channel            Necr           0%         N/A       100%        6
 Eringya's Noxious Bog    Tmut/Pois      0%         N/A       100%        6
 Iron Shot                Conj/Erth      0%         9d1       100%        6
 Statue Form              Tmut/Erth      0%         N/A       100%        6
 Malign Gateway           Summ/Tloc      0%         N/A       100%        7
 Summon Hydra             Summ           0%         N/A       100%        7
 Discord                  Hex            0%         N/A       100%        8
 Summon Horrible Things   Summ           0%         N/A       100%        8


Dungeon Overview and Level Annotations

Branches:
Dungeon (1/1)

Altars:
Ashenzari
Cheibriados
Dithmenos
Elyvilon
Fedhas
Gozag
Hepliaklqana
Kikubaaqudgha
Makhleb
Nemelex Xobeh
Okawaru
Qazlal
Ru
Sif Muna
Trog
Uskayaw
Vehumet
Wu Jian
Xom
Yredelemnul
Zin
The Shining One
Jiyva
Lugonu


Innate Abilities, Weirdness & Mutations

You have a pair of horns on your head.
You reflexively headbutt those who attack you in melee.


Message History

The demonic crawler hits you.
* * * LOW HITPOINT WARNING * * *
You block the demonic crawler's attack.
GONNNNG!
The demonic crawler hits you.
* * * LOW HITPOINT WARNING * * *
The demonic crawler hits you!
* * * LOW HITPOINT WARNING * * *
The demonic crawler hits you but does no damage.
You block the demonic crawler's attack.
GONNNNG!
You puncture the demonic crawler! You headbutt the demonic crawler.
The demonic crawler is moderately wounded.
You block the demonic crawler's attack.
BOUMMMMG!
The demonic crawler hits you.
* * * LOW HITPOINT WARNING * * *
You block the demonic crawler's attack.
BOUMMMMG!
The demonic crawler hits you but does no damage.
You block the demonic crawler's attack.
GONNNNG!
The demonic crawler hits you!
* * * LOW HITPOINT WARNING * * *
You block the wolf spider simulacrum's attack.
GONNNNG!
The wolf spider simulacrum bites you.
* * * LOW HITPOINT WARNING * * *
The wolf spider simulacrum freezes you. You resist.
* * * LOW HITPOINT WARNING * * *
A red film seems to cover your vision as you go berserk!
You feel yourself moving faster!
You feel mighty! You block the demonic crawler's attack.
GONNNNG!
You block the demonic crawler's attack.
GONNNNG!
You block the demonic crawler's attack.
BOUMMMMG!
The demonic crawler hits you!
You die...

▓...[s=y ▓...©.
▓....BB.....▓▓▓▓▓▓
▓...........▓...8©
▓...........▓...||
▓.......... ▓.....
▓Z. .....▓ ▓.....
▓Z▓▓▓...▓▓ ▓...))
▓sZ▓.....▓..▓...).
▓@sZ..©.....▓.....
▓▓▓▓▓▓▓▓▓▓▓▓▓.▓...
▓....8©8....▓....©
▓..|)=|).[..▓▓▓▓▓▓
▓...))["/...▓...8©
▓...........▓...//
▓...........▓...)/
▓...........▓.....
▓...........▓.....


You could see 2 demonic crawlers, a wolf spider simulacrum, an entropy weaver
simulacrum, a meliai simulacrum and a radroach simulacrum.

Vanquished Creatures
  A dread lich (D)
  An Ice Fiend (D)
  A titan (D)
  A nargun (D)
  A frost giant (D)
  2 broodmothers (D)
  4 wendigos (D)
  2 entropy weavers (D)
  A radroach (D)
  A dancing weapon (D)
  3 vampire magi (D)
  A deep elf knight (D)
  2 skeletal warriors (D)
  A sun moth (D)
  A pharaoh ant (D)
  A necromancer (D)
  A deep elf zephyrmancer (D)
  A wolf spider (D)
  2 rime drakes (D)
  2 hornets (D)
  A meliai (D)
  5 merfolk (D)
  A tarantella (D)
  4 spriggans (D)
  A shadow (D)
  3 wyverns (D)
  A redback (D)
  A steam dragon (D)
  An acid dragon (D)
  A hell hound (D)
  2 swamp drakes (D)
  3 black bears (D)
  3 orc warriors (D)
  5 wolves (D)
  2 phantoms (D)
  4 necrophages (D)
  2 wights (D)
  An orc wizard (D)
  2 white imps (D)
  An adder zombie (D)
  An adder skeleton (D)
  3 adder simulacra (D)
  3 orcs (D)
  2 bat zombies (D)
  2 ball python skeletons (D)
  4 ball python zombies (D)
  A bat simulacrum (D)
  A giant cockroach zombie (D)
91 creatures vanquished.

Vanquished Creatures (others)
  A frost giant (D)
  2 adder simulacra (D)
  A ball python simulacrum (D)
  A giant cockroach simulacrum (D)
  A jackal simulacrum (D)
  3 quokka simulacra (D)
9 creatures vanquished.

Grand Total: 100 creatures vanquished

Notes
Turn   | Place    | Note
-------+----------+-------------------------------------------
     0 | D        | Heoruswealwe the Minotaur Fighter began the quest for the
                  | Orb.
     0 | D        | Reached XP level 1. HP: 19/19 MP: 0/0
     5 | D        | Became a worshipper of the Shining One
    11 | D        | Found a blossoming altar of Fedhas.
    11 | D        | Found the +6 Majin-Bo {spellvamp, MP+6 Int+6}
    11 | D        | Found the +27 heavy crossbow "Sniper" {heavy, Acc+∞ SInv}
    11 | D        | Found the +10 dark maul {heavy}
    11 | D        | Found the +15 Maxwell's patent armour {-Cast -Tele rElec
                  | Will+ rCorr}
    11 | D        | Found the +18 shield of the Gong {Loud rN+ Will+ rCorr
                  | EV-5}
    11 | D        | Found the +16 obsidian axe {drain, demonic, Mesm Drain Fly
                  | SInv}
    11 | D        | Found the +7 great mace "Firestarter" {flame, immolate,
                  | rFlCloud rF++}
    11 | D        | Found the +6 shillelagh "Devastator" {shatter}
    11 | D        | Found the +11 plutonium sword {Contam Stlth-}
    11 | D        | Found the +8 lance "Wyrmbane" {slay drac, rPois rF+ rC+
                  | AC+3}
    11 | D        | Found the +9 sword of Zonguldrok {reap}
    11 | D        | Found the +13 scythe of Curses {drain, curses, Drain}
    11 | D        | Found the +9 sword of Power {lifebolt}
    11 | D        | Found the +7 mace of Variability {chaos, chaos arc}
    11 | D        | Found the +11 Singing Sword {sonic wave}
    11 | D        | Found the +8 storm bow {elec, penet}
    12 | D        | Found a viscous altar of Jiyva.
    12 | D        | Found a hazy altar of Hepliaklqana.
    12 | D        | Found a transporter.
    12 | D        | Found an opulent altar of Gozag.
    12 | D        | Found an ancient bone altar of Kikubaaqudgha.
    12 | D        | Found a corrupted altar of Lugonu.
    24 | D        | Found a shimmering blue altar of Sif Muna.
    24 | D        | Found a sacrificial altar of Ru.
    24 | D        | Found a bloodstained altar of Trog.
    24 | D        | Found a stormy altar of Qazlal.
    24 | D        | Found an iron altar of Okawaru.
    24 | D        | Found a sparkling altar of Nemelex Xobeh.
    26 | D        | Found a burning altar of Makhleb.
    49 | D        | Reached skill level 5 in Fighting
    49 | D        | Reached skill level 5 in Polearms
    49 | D        | Reached skill level 5 in Armour
    49 | D        | Reached skill level 5 in Shields
    49 | D        | Reached XP level 2. HP: 30/30 MP: 1/1
    96 | D        | Entered arena 2.
    96 | D        | Reached * piety under the Shining One
    96 | D        | Found a transporter.
   109 | D        | Entered arena 3.
   109 | D        | Noticed a deep elf knight
   109 | D        | Reached ** piety under the Shining One
   109 | D        | Noticed a +0 hand axe of venom
   109 | D        | Noticed a deep elf zephyrmancer
   109 | D        | Found a transporter.
   113 | D        | Killed a +0 hand axe of venom
   114 | D        | Reached skill level 10 in Fighting
   114 | D        | Reached skill level 10 in Armour
   114 | D        | Reached skill level 10 in Shields
   114 | D        | Reached XP level 3. HP: 37/45 MP: 2/2
   114 | D        | Reached XP level 4. HP: 42/51 MP: 3/3
   114 | D        | Reached XP level 5. HP: 48/58 MP: 4/4
   114 | D        | Reached XP level 6. HP: 55/66 MP: 5/5
   114 | D        | Reached XP level 7. HP: 60/72 MP: 6/6
   126 | D        | Killed a deep elf knight
   127 | D        | Reached XP level 8. HP: 71/82 MP: 7/7
   128 | D        | Killed a deep elf zephyrmancer
   134 | D        | Got the ring "Usotubes" {rElec rC+ Str-3 Int+8}
   160 | D        | Entered arena 4.
   160 | D        | Found the +3 Elemental Staff {rElec rF+ rC+ AC+3}
   160 | D        | Found the +8 demon trident "Rift" {distort, reach+}
   160 | D        | Found a transporter.
   186 | D        | Entered arena 5.
   186 | D        | Reached *** piety under the Shining One
   186 | D        | Reached **** piety under the Shining One
   186 | D        | Found a transporter.
   192 | D        | Reached ***** piety under the Shining One
   193 | D        | Reached XP level 9. HP: 92/92 MP: 8/8
   206 | D        | Entered arena 6.
   206 | D        | Noticed a merfolk
   206 | D        | Noticed a merfolk
   206 | D        | Noticed a merfolk
   206 | D        | Noticed a merfolk
   206 | D        | Noticed a merfolk
   206 | D        | Found a transporter.
   212 | D        | Killed a merfolk
   218 | D        | Killed a merfolk
   224 | D        | Killed a merfolk
   229 | D        | Killed a merfolk
   234 | D        | Killed a merfolk
   390 | D        | Entered arena 7.
   390 | D        | Reached ****** piety under the Shining One
   391 | D        | Found a transporter.
   415 | D        | Entered arena 8.
   416 | D        | Found a transporter.
   439 | D        | Entered arena 9.
   440 | D        | Found a transporter.
   472 | D        | Got the ring "Utetz" {MP+9 Str+4 Int+6}
   488 | D        | Entered arena 10.
   488 | D        | Noticed a spriggan rider
   488 | D        | Noticed a spriggan rider
   499 | D        | Reached XP level 10. HP: 96/104 MP: 9/9
   507 | D        | Found a transporter.
   516 | D        | Reached skill level 15 in Fighting
   516 | D        | Reached skill level 15 in Armour
   516 | D        | Reached skill level 15 in Shields
   532 | D        | Got the Grimoire of the Valley
   540 | D        | Entered arena 11.
   545 | D        | Reached skill level 15 in Polearms
   558 | D        | Found a transporter.
   580 | D        | Got the amulet "Maraugeg" {Acrobat rElec rC+ Regen+}
   607 | D        | Entered arena 12.
   607 | D        | Noticed a wendigo
   607 | D        | Noticed a dread lich
   607 | D        | Noticed a wendigo
   607 | D        | Noticed a titan
   607 | D        | Noticed a nargun
   609 | D        | Noticed a wendigo
   621 | D        | Noticed a blizzard demon
   633 | D        | Noticed a Brimstone Fiend
   639 | D        | Killed a dread lich
   640 | D        | Reached XP level 11. HP: 89/117 MP: 10/10
   645 | D        | Killed a wendigo
   652 | D        | Killed a titan
   659 | D        | Killed a nargun
   666 | D        | Killed a wendigo
   672 | D        | Killed a wendigo
   673 | D        | Found the +10 zealot's sword {holy, Zealotry, *Rage rN+
                  | EV+3}
   674 | D        | Found a transporter.
   710 | D        | Entered arena 13.
   710 | D        | Noticed a skeletal warrior
   710 | D        | Noticed a vampire mage
   710 | D        | Noticed a vampire mage
   719 | D        | Killed a skeletal warrior
   719 | D        | Noticed a skeletal warrior
   720 | D        | Noticed a vampire mage
   722 | D        | Killed a vampire mage
   722 | D        | Noticed a necromancer
   730 | D        | Killed a vampire mage
   731 | D        | Reached XP level 12. HP: 127/128 MP: 11/11
   752 | D        | Killed a vampire mage
   767 | D        | Found a transporter.
   786 | D        | Got the +1 pair of boots "Tahiush" {rN+}
   799 | D        | Got Kaulorus's Folio of Guile
   801 | D        | Entered arena 14.
   804 | D        | Noticed a frost giant
   804 | D        | Noticed a wendigo
   804 | D        | Noticed a frost giant
   807 | D        | Noticed an Ice Fiend
   817 | D        | Killed a frost giant
   822 | D        | Killed a frost giant
   832 | D        | Killed a wendigo
   846 | D        | Killed an Ice Fiend
   851 | D        | Found a transporter.
   925 | D        | Entered arena 15.
   930 | D        | Noticed an entropy weaver
   930 | D        | Noticed a radroach
   931 | D        | Noticed a broodmother
   943 | D        | Noticed an entropy weaver
   944 | D        | Killed an entropy weaver
   949 | D        | Noticed a broodmother
   955 | D        | Killed a radroach
   961 | D        | Killed a broodmother
   975 | D        | Killed a broodmother
   992 | D        | Killed an entropy weaver
  1010 | D        | HP: 5/134 [wolf spider simulacrum (4)]
  1011 | D        | Mangled by a demonic crawler

Illustrated notes

Levels and vault maps discovered:
D:        sprint_v [room_start, room_1, room_2, room_3, room_4, room_5, room_6,
          room_7, room_8, room_9, room_10, room_11, room_12, room_13, room_14,
          room_15, room_16, room_17, room_18, room_19, room_20, room_21,
          room_22, room_23, room_24, room_25, room_26, room_27]

Skill      XL: |  1  2  3  4  5  6  7  8  9 10 11 12 |
---------------+-------------------------------------+-----
Fighting       | 5 10 11 12 14 17 18 20 | 20.4
Polearms       | 5 9 11 12 14 16 18 20 | 20.3
Armour         | 5 10 11 12 14 17 18 20 | 20.4
Shields        | 5 10 11 12 14 17 18 20 | 20.4

Action                     |  1- 3 |  4- 6 |  7- 9 | 10-12 || total
---------------------------+-------+-------+-------+-------++-------
  Melee: Lance             |     5 |       |   110 |   245 ||   360
         Headbutt          |       |       |    18 |    71 ||    89
    Use: Potion            |     1 |       |       |    10 ||    11
 Armour: Gold dragon scale |     1 |       |    23 |   105 ||   129
  Dodge: Dodged            |       |       |     2 |    16 ||    18
  Block: Kite shield       |     7 |       |   108 |   275 ||   390
